AoeStats
← Mr. Penis

Arena

505549212Analyzed
4v4 RM · 23d ago on Sep 9, 2026· 46m 28s· 8 players
Game mode
Random Map
Map size
Large (8 player)
Population
200
Speed
Normal
Resources
Standard
Victory
Conquest
Starting age
Dark Age
Ending age
Imperial Age
RankedLock teamsTeams togetherTeam positionsShared explorationLock speedFull tech treeHidden civsTurbo modeCheats
Victory
Defeat
🇺🇸 Vietnamese · United States
1399
+7
🇺🇸 Inca · United States
1225
+13
🇷🇺 Jurchens · Russia
1214
+14
🇺🇸 Goths · United States
1010
+21
🇨🇱 Britons · Chile
1280
-19
🇨🇱 Byzantines · Chile
1203
-15
🇨🇱 Persians · Chile
1105
-11
🇨🇱 Franks · Chile
1075
-10
Senaxious
2:40 Loom
10:53 Feudal Age
15:23 Castle Age
13:53 Double-Bit Axe
20:38 Horse Collar
20:58 Gold Mining
22:47 Scale Barding Armor
22:52 Forging
23:39 Forging
25:15 Bloodlines
25:58 Chain Barding Armor
27:21 Iron Casting
26:49 Husbandry
28:15 Wheelbarrow
27:25 Town Watch
32:53 Imperial Age
30:26 Fletching
31:17 Murder Holes
32:57 Cavalier
34:29 Plate Barding Armor
38:29 Blast Furnace
40:12 Heavy Plow
40:24 Bow Saw
40:41 Hand Cart
40:26 Town Patrol
Catamenio
11:00 Feudal Age
15:11 Castle Age
13:44 Double-Bit Axe
14:18 Stone Mining
17:08 Fletching
17:29 Loom
19:24 Horse Collar
21:25 Padded Archer Armor
23:53 Bodkin Arrow
25:51 Town Watch
27:11 Bow Saw
27:22 Heavy Plow
29:01 Leather Archer Armor
29:24 Gold Mining
32:16 Wheelbarrow
33:24 Ballistics
34:45 Gold Shaft Mining
RuZz
10:16 Loom
12:13 Feudal Age
15:57 Castle Age
14:35 Double-Bit Axe
14:31 Horse Collar
18:08 Padded Archer Armor
21:44 Imperial Age
21:05 Fletching
21:16 Padded Archer Armor
23:38 Chemistry
23:49 Elite Skirmisher
24:31 Bodkin Arrow
28:25 Bracer
28:40 Leather Archer Armor
29:23 Ballistics
31:22 Murder Holes
38:44 Leather Archer Armor
43:49 Loom
Bomboroyo
10:32 Feudal Age
11:21 Double-Bit Axe
16:22 Castle Age
16:39 Wheelbarrow
16:41 Gold Mining
17:38 Loom
23:23 Husbandry
23:36 Forging
23:31 Scale Barding Armor
26:04 Iron Casting
25:34 Scale Barding Armor
26:26 Scale Barding Armor
30:06 Gold Shaft Mining
29:57 Light Cavalry
33:24 Chain Barding Armor
36:20 Imperial Age
34:07 Hand Cart
36:30 Stone Mining
37:35 Fletching
38:46 Blast Furnace
38:22 Plate Barding Armor
37:12 Cavalier
38:46 Town Watch
40:42 Paladin
42:39 Bodkin Arrow
Kryptonknight
11:32 Feudal Age
15:32 Castle Age
14:28 Double-Bit Axe
14:27 Horse Collar
35:49 Heavy Plow
35:59 Bow Saw
39:57 Loom
41:12 Scale Mail Armor
41:25 Forging
44:21 Wheelbarrow
46:28 Imperial Age
The High Ground
11:16 Feudal Age
15:27 Castle Age
13:59 Double-Bit Axe
16:40 Horse Collar
17:22 Loom
22:33 Padded Archer Armor
22:24 Fletching
27:11 Imperial Age
25:47 Bodkin Arrow
26:43 Scale Mail Armor
26:54 Forging
28:12 Chain Mail Armor
30:36 Plate Mail Armor
34:40 Elite Fire Lancer
35:34 Gold Mining
35:35 Stone Mining
36:23 Wheelbarrow
37:00 Iron Casting
37:41 Paper Money
39:44 Heavy Plow
42:00 Squires
41:45 Arson
43:23 Bow Saw
46:40 Crop Rotation
47:17 Two-Man Saw
nik
10:27 Feudal Age
10:56 Loom
11:21 Double-Bit Axe
11:41 Horse Collar
12:03 Loom
16:21 Castle Age
14:59 Gold Mining
17:34 Bow Saw
17:35 Heavy Plow
21:29 Wheelbarrow
24:39 Scale Mail Armor
25:10 Hand Cart
25:02 Squires
25:12 Pikeman
26:30 Chain Mail Armor
28:04 Anarchy
28:30 Masonry
32:40 Imperial Age
32:17 Forging
32:50 Elite Huskarl
35:42 Iron Casting
36:01 Halberdier
39:28 Blast Furnace
38:51 Conscription
40:27 Man-at-Arms
41:51 Long Swordsman
42:42 Capped Ram
42:48 Long Swordsman
43:50 Two-Handed Swordsman
Mr. Penis
10:58 Feudal Age
15:03 Castle Age
12:55 Horse Collar
13:39 Double-Bit Axe
16:33 Bow Saw
18:09 Fervor
22:26 Heavy Plow
23:47 Sanctity
23:50 Gold Mining
23:51 Stone Mining
25:16 Loom
26:07 Wheelbarrow
25:17 Town Watch
26:28 Gold Shaft Mining
26:28 Stone Shaft Mining
29:06 Hand Cart
28:51 Town Patrol
32:18 Imperial Age
32:28 Masonry
32:24 Siege Engineers
32:03 Treadmill Crane
32:33 Masonry
32:44 Ballistics
33:05 Fortified Wall
34:57 Conscription
35:54 Two-Man Saw
35:26 Crop Rotation
35:40 Thunderclap Bombs
36:07 Hoardings
35:34 Fortified Bastions
45:39 Block Printing
45:50 Illumination
45:25 Devotion
45:38 Guilds
45:59 Coinage
45:29 Caravan
45:37 Scale Barding Armor
45:32 Scale Mail Armor
Connection lost

Rejoining the realm…

Still unreachable

The connection could not be restored.

Session expired

The server has moved on; the page needs a fresh start.